 Dungeon Crawl Stone Soup version 0.28.0-45-g0d030f2227 (webtiles) character file.

Game seed: 3044124743499744572

44 NinjaNoafa the Firebug (level 3, -1/27 HPs)
             Began as a Hill Orc Fire Elementalist on Apr 4, 2022.
             Was an Initiate of Yredelemnul.
             Slain by a jackal (3 damage)
             ... on level 2 of the Dungeon.
             The game lasted 00:05:04 (2252 turns).

NinjaNoafa the Firebug (Hill Orc Fire Elementalist) Turns: 2252, Time: 00:05:04

Health: -1/27      AC:  6    Str: 10    XL:     3   Next: 60%
Magic:  3/5        EV: 11    Int: 17    God:    Yredelemnul [......]
Gold:   34         SH:  0    Dex: 11    Spells: 4/5 levels left

rFire   . . .      SeeInvis .   (no weapon)
rCold   . . .      Faith    .   (no shield)
rNeg    . . .      Spirit   .   c - +3 leather armour
rPois   .          Reflect  .   (no helmet)
rElec   .          Harm     .   (no cloak)
rCorr   .          Rampage  .   (no gloves)
Will    .....                   (no boots)
Stlth   ++........              (no amulet)
HPRegen 0.09/turn               b - ring of flight
MPRegen 0.09/turn               (no ring)

@: flying
A: no striking features
a: Renounce Religion, Recall Undead Harvest


You were on level 2 of the Dungeon.
You worshipped Yredelemnul.
Yredelemnul was noncommittal.
You visited 1 branch of the dungeon, and saw 2 of its levels.

You collected 34 gold pieces.

Inventory:

Hand Weapons
 k - a +0 hunting sling
Missiles
 l - 20 stones (quivered)
Armour
 a - a +0 robe
 c - a +3 leather armour (worn)
Jewellery
 b - a ring of flight (left hand)
Scrolls
 f - 2 scrolls of identify {unknown}
 g - a scroll of fear {unknown}
 h - a scroll of noise {unknown}
Potions
 e - a potion of attraction {unknown}
 i - a potion of heal wounds {unknown}
 j - a potion of haste {unknown}


   Skills:
 + Level 0.5 Fighting
 + Level 1.9 Dodging
 + Level 2.0 Stealth
 * Level 1.9 Spellcasting
 + Level 1.6 Conjurations
 + Level 3.7 Fire Magic


You had 4 spell levels left.
You knew the following spells:

 Your Spells              Type           Power      Damage    Failure   Level
a - Foxfire               Conj/Fire      40%        2x1d6     9%          1

Your spell library contained the following spells:

 Spells                   Type           Power      Damage    Failure   Level
 Scorch                   Fire           28%        2d6       9%          2
 Conjure Flame            Conj/Fire      10%        6-21      26%         3
 Inner Flame              Hex/Fire       7%         N/A       36%         3
 Ignite Poison            Fire/Tmut/Pois 5%         N/A       43%         3
 Mephitic Cloud           Conj/Pois/Air  3%         N/A       54%         3
 Flame Wave               Conj/Fire      10%        2d5       65%         4
 Freezing Cloud           Conj/Ice/Air   1%         6-21      99%         5


Dungeon Overview and Level Annotations

Branches:
Dungeon (2/15)

Altars:
Yredelemnul


Message History

The stone hits the gnoll but does no damage.
The gnoll is moderately wounded.
The jackal bites you. The gnoll barely misses you.
Throw: 22 stones
Press: ? - help, Q - select action, (/) - cycle Shift-Dir - straight line, f/p - jackal
Aim: a jackal (inner flame, 45% to hit)
You throw a stone. The stone barely misses the jackal.
The stone closely misses the gnoll.
The stone barely misses the hobgoblin.
The stone completely misses the gnoll.
The stone hits the gnoll but does no damage.
The jackal bites you.
The gnoll hits you from afar with a +0 spear.
The jackal bites you.
Throw: 21 stones
Press: ? - help, Q - select action, (/) - cycle Shift-Dir - straight line, f/p - jackal
Aim: a jackal (inner flame, 45% to hit)
You throw a stone. The stone closely misses the jackal.
The stone hits the gnoll but does no damage.
The gnoll is moderately wounded.
The gnoll's inner flame fades away. x2; The jackal misses you.
The gnoll hits you but does no damage.
Casting: Foxfire (safe; 9% risk of failure)
Confirm with . or Enter, or press ? or * to list all spells.
You conjure some foxfire!
The jackal misses you.
The gnoll hits you from afar with a +0 spear.
* * * LOW HITPOINT WARNING * * *
The jackal bites you but does no damage.
You hit the jackal but do no damage.
The gnoll hits you from afar with a +0 spear.
* * * LOW HITPOINT WARNING * * *
The jackal misses you.
You closely miss the jackal. The jackal closely misses you.
The gnoll closely misses you.
The jackal bites you but does no damage.
Your foxfire dissipates!
The jackal's inner flame fades away.
The jackal bites you but does no damage.
The jackal bites you.
You die...
Your body rises from the dead as a mindless zombie.

###########
#.....@h..#
#.#######g#
#.#<....#.#
#.#Z#..##.#g#
#.#.#..##.#g#
#.#.#.)##.#g#
#.#.#..##.#.#
#.#.#####.#g#
##+###.#..Z....#(#


You could see a gnoll and a jackal.

Vanquished Creatures
  A gnoll (D:1)
  A dart slug (D:1)
  A ball python (D:1)
  A bat (D:1)
  2 endoplasms
  2 giant cockroaches (D:1)
  3 goblins
  3 hobgoblins (D:1)
  5 jackals (D:1)
  A quokka (D:1)
  3 kobolds (D:1)
  2 rats (D:1)
25 creatures vanquished.

Vanquished Creatures (collateral kills)
  A ball python (D:1)
  2 rats
3 creatures vanquished.

Vanquished Creatures (others)
  A goblin zombie (D:2)
  56 foxfires
  4 toadstools (D:1)
61 creatures vanquished.

Grand Total: 89 creatures vanquished

Notes
Turn   | Place    | Note
-------+----------+-------------------------------------------
     0 | D:1      | NinjaNoafa the Hill Orc Fire Elementalist began the quest
                  | for the Orb.
     0 | D:1      | Reached XP level 1. HP: 14/14 MP: 3/3
   720 | D:1      | Reached XP level 2. HP: 18/20 MP: 0/4
  1160 | D:1      | Reached XP level 3. HP: 24/26 MP: 0/5
  1651 | D:1      | Found a faded altar of an unknown god.
  1666 | D:1      | Prayed at the altar of an unknown god.
  1666 | D:1      | Became a worshipper of Yredelemnul the Dark
  1666 | D:1      | Reached * piety under Yredelemnul
  2246 | D:2      | HP: 1/27 [gnoll/+0 spear (5)]
  2252 | D:2      | Slain by a jackal

Illustrated notes

Levels and vault maps discovered:
D:1:      ldierk_water_garden, layout_loops_corners,
          ebering_ecumenical_altar_box, hangedman_feature_mirror
D:2:      kennysheep_big_flooded_room, layout_basic, kennysheep_small_spiral,
          serial_park_tiny_1, uniq_sigmund, uniq_jessica

Skill      XL: |  1  2  3 |
---------------+----------+-----
Stealth        | 2 |  2.0
Fighting       | |  0.5
Dodging        | |  1.9
Spellcasting   | |  1.9
Conjurations   | |  1.6
Fire Magic     | |  3.7

Action                   || total
-------------------------++-------
Melee: Unarmed           ||    62
       Punch             ||     1
Throw: Stone             ||     3
 Cast: Foxfire           ||    44
  Use: Scroll            ||     1
Armor: Robe              ||     4
       Leather armour    ||    51
Dodge: Dodged            ||   105
